3272 views
Uploaded 2020-04-13 18:11:37
Game version 1.32.3
29:38 long 4on4 ladder game on (8)Northshire_LV
Saved by BEARAND
3272 views
Uploaded 2020-04-13 18:11:37
Game version 1.32.3
29:38 long 4on4 ladder game on (8)Northshire_LV


115 units @ 10.9k
/ 1.2k
259 buildings @ 24.2k
/ 14.3k



| Scroll of Regeneration | 1 | 100 |
| Staff of Sanctuary | 3 | 750 |
| Boots of Speed | 3 | 750 |
| Staff of Teleportation | 3 | 450 |
| Periapt of Vitality | 2 | 650 |
| Circlet of Nobility | 1 | 175 |
| Healing Salve | 1 | 100 |
| Orb of Lightning | 2 | 750 |
| total: | 16 | 3725g |
| Peasant | 14 | 1050 | / | 0 |
| Priest | 1 | 135 | / | 10 |
| Sorceress | 2 | 310 | / | 40 |
| total: | 17 | 1495g | / | 50w |
| Scout Tower | 99 | 2970 | / | 1980 |
| Arcane Tower | 9 | 630 | / | 450 |
| Guard Tower | 61 | 4270 | / | 3050 |
| Altar of Kings | 1 | 180 | / | 50 |
| Farm | 4 | 320 | / | 80 |
| Lumber Mill | 1 | 120 | / | 0 |
| Arcane Vault | 4 | 520 | / | 120 |
| Town Hall | 1 | 385 | / | 205 |
| Arcane Sanctum | 1 | 150 | / | 140 |
| Keep | 1 | 320 | / | 210 |
| Castle | 1 | 360 | / | 210 |
| total: | 111 | 4645g | / | 2575w |
| 0:01 | Peasant |
| 0:01 | Peasant |
| 0:08 | Altar of Kings |
| 0:10 | Peasant |
| 0:18 | Farm |
| 0:20 | Peasant |
| 0:45 | Lumber Mill |
| 0:51 | Peasant |
| 1:09 | Peasant |
| 1:21 | Scout Tower |
| 1:30 | Scout Tower |
| 1:33 | Peasant |
| 1:35 | Farm |
| 1:37 | Peasant |
| 1:47 | Scout Tower |
| 1:48 | Arcane Tower |
| 1:50 | Scout Tower |
| 1:58 | Arcane Tower |
| 2:01 | Peasant |
| 2:09 | Blizzard |
| 2:20 | Peasant |
| 2:22 | Guard Tower |
| 2:22 | Scout Tower |
| 2:24 | Scout Tower |
| 2:24 | Guard Tower |
| 3:01 | Peasant |
| 3:02 | Peasant |
| 3:02 | Peasant |
| 3:02 | Guard Tower |
| 3:03 | Scout Tower |
| 3:04 | Guard Tower |
| 3:05 | Scout Tower |
| 3:06 | Scout Tower |
| 3:06 | Scout Tower |
| 3:07 | Brilliance Aura |
| 3:22 | Scout Tower |
| 3:23 | Scout Tower |
| 3:24 | Peasant |
| 3:39 | Arcane Vault |
| 3:39 | Guard Tower |
| 3:40 | Scout Tower |
| 3:41 | Scout Tower |
| 3:41 | Scout Tower |
| 3:41 | Scout Tower |
| 4:26 | Arcane Tower |
| 4:26 | Guard Tower |
| 4:36 | Town Hall |
| 4:38 | Scout Tower |
| 4:41 | Guard Tower |
| 4:42 | Guard Tower |
| 4:43 | Scout Tower |
| 4:44 | Scout Tower |
| 5:08 | Arcane Tower |
| 5:11 | Scout Tower |
| 5:18 | Keep |
| 5:34 | Guard Tower |
| 5:36 | Guard Tower |
| 5:38 | Improved Masonry |
| 5:38 | Advanced Masonry |
| 5:45 | Guard Tower |
| 5:47 | Scout Tower |
| 5:47 | Scout Tower |
| 5:48 | Scout Tower |
| 5:54 | Farm |
| 5:55 | Farm |
| 6:04 | Guard Tower |
| 6:24 | Guard Tower |
| 6:26 | Guard Tower |
| 6:45 | Blizzard |
| 6:55 | Boots of Speed |
| 7:09 | Scout Tower |
| 7:10 | Scout Tower |
| 7:13 | Scroll of Regeneration |
| 7:32 | Guard Tower |
| 7:35 | Scout Tower |
| 7:46 | Guard Tower |
| 7:48 | Imbued Masonry |
| 7:58 | Guard Tower |
| 8:00 | Scout Tower |
| 8:01 | Scout Tower |
| 8:04 | Scout Tower |
| 8:06 | Scout Tower |
| 8:07 | Scout Tower |
| 8:07 | Scout Tower |
| 8:32 | Rain of Fire |
| 8:34 | Guard Tower |
| 8:35 | Guard Tower |
| 8:46 | Boots of Speed |
| 8:46 | Staff of Teleportation |
| 8:48 | Periapt of Vitality |
| 8:55 | Castle |
| 8:57 | Arcane Vault |
| 10:00 | Scout Tower |
| 10:00 | Scout Tower |
| 10:09 | Guard Tower |
| 10:12 | Scout Tower |
| 10:13 | Scout Tower |
| 10:13 | Scout Tower |
| 10:14 | Scout Tower |
| 10:14 | Scout Tower |
| 10:15 | Scout Tower |
| 10:15 | Scout Tower |
| 10:16 | Scout Tower |
| 10:17 | Scout Tower |
| 10:17 | Scout Tower |
| 10:20 | Healing Salve |
| 10:20 | Orb of Lightning |
| 10:48 | Staff of Teleportation |
| 11:10 | Guard Tower |
| 11:11 | Guard Tower |
| 11:23 | Cluster Rockets |
| 11:45 | Scout Tower |
| 11:45 | Scout Tower |
| 11:47 | Guard Tower |
| 12:01 | Boots of Speed |
| 12:02 | Periapt of Vitality |
| 12:02 | Circlet of Nobility |
| 12:11 | Guard Tower |
| 12:12 | Guard Tower |
| 12:13 | Arcane Tower |
| 12:13 | Guard Tower |
| 12:15 | Guard Tower |
| 12:54 | Guard Tower |
| 12:56 | Arcane Vault |
| 12:57 | Arcane Vault |
| 13:08 | Staff of Teleportation |
| 13:24 | Staff of Sanctuary |
| 13:29 | Arcane Sanctum |
| 14:12 | Orb of Lightning |
| 14:23 | Staff of Sanctuary |
| 14:31 | Scout Tower |
| 14:32 | Scout Tower |
| 14:32 | Scout Tower |
| 14:32 | Scout Tower |
| 14:44 | Guard Tower |
| 14:45 | Scout Tower |
| 14:45 | Scout Tower |
| 14:45 | Scout Tower |
| 14:46 | Scout Tower |
| 14:46 | Scout Tower |
| 14:47 | Scout Tower |
| 14:51 | Scout Tower |
| 14:51 | Scout Tower |
| 14:51 | Scout Tower |
| 14:53 | Priest |
| 14:54 | Magic Sentry |
| 14:56 | Scout Tower |
| 14:57 | Scout Tower |
| 14:57 | Scout Tower |
| 14:57 | Scout Tower |
| 14:58 | Scout Tower |
| 15:00 | Scout Tower |
| 15:00 | Scout Tower |
| 15:02 | Improved Lumber Harvesting |
| 15:28 | Sorceress |
| 15:28 | Sorceress Adept Training |
| 15:28 | Guard Tower |
| 15:32 | Scout Tower |
| 15:33 | Scout Tower |
| 15:33 | Scout Tower |
| 15:33 | Scout Tower |
| 15:34 | Scout Tower |
| 15:34 | Scout Tower |
| 15:35 | Guard Tower |
| 16:20 | Arcane Tower |
| 16:27 | Arcane Tower |
| 16:28 | Guard Tower |
| 16:52 | Cleaving Attack |
| 17:10 | Guard Tower |
| 17:11 | Guard Tower |
| 17:11 | Guard Tower |
| 17:13 | Guard Tower |
| 18:05 | Brilliance Aura |
| 18:12 | Guard Tower |
| 18:16 | Scout Tower |
| 18:16 | Scout Tower |
| 18:17 | Scout Tower |
| 18:23 | Guard Tower |
| 18:45 | Engineering Upgrade |
| 18:56 | Staff of Sanctuary |
| 20:49 | Guard Tower |
| 20:51 | Advanced Lumber Harvesting |
| 20:55 | Sorceress |
| 20:56 | Sorceress Master Training |
| 21:02 | Guard Tower |
| 21:05 | Scout Tower |
| 21:06 | Scout Tower |
| 21:06 | Scout Tower |
| 21:06 | Scout Tower |
| 21:07 | Scout Tower |
| 21:07 | Scout Tower |
| 21:08 | Scout Tower |
| 21:08 | Scout Tower |
| 21:09 | Scout Tower |
| 21:09 | Scout Tower |
| 21:09 | Scout Tower |
| 21:10 | Scout Tower |
| 21:10 | Scout Tower |
| 21:11 | Scout Tower |
| 21:11 | Scout Tower |
| 21:12 | Scout Tower |
| 22:27 | Guard Tower |
| 23:11 | Scout Tower |
| 23:12 | Scout Tower |
| 23:12 | Scout Tower |
| 23:13 | Scout Tower |
| 23:13 | Scout Tower |
| 23:13 | Scout Tower |
| 23:13 | Scout Tower |
| 23:42 | Scout Tower |
| 25:12 | Blizzard |
| 25:30 | Guard Tower |
| 25:35 | Rain of Fire |
| 28:52 | Guard Tower |
| 29:49 | Cluster Rockets |
| Right click | 2358 |
| Select | 603 |
| Select group | 589 |
| Chat | 236 |
| Build/train/purchase | 193 |
| Use ability | 95 |
| Misc. action | 29 |
| Assign group | 16 |
| Item give/drop | 12 |
| Resource trade | 6 |
| Minimap ping | 5 |
| Esc | 1 |


| Healing Salve | 2 | 200 |
| Lesser Clarity Potion | 4 | 280 |
| Orb of Lightning | 2 | 750 |
| Boots of Speed | 2 | 500 |
| Circlet of Nobility | 1 | 175 |
| Staff of Teleportation | 3 | 450 |
| Staff of Sanctuary | 3 | 750 |
| total: | 17 | 3105g |
| Peon | 13 | 975 | / | 0 |
| Troll Batrider | 10 | 1600 | / | 400 |
| total: | 23 | 2575g | / | 400w |
| Watch Tower | 83 | 9130 | / | 6640 |
| Altar of Storms | 1 | 180 | / | 50 |
| Orc Burrow | 4 | 640 | / | 160 |
| War Mill | 1 | 205 | / | 0 |
| Voodoo Lounge | 1 | 130 | / | 30 |
| Great Hall | 2 | 770 | / | 370 |
| Beastiary | 2 | 290 | / | 280 |
| Stronghold | 1 | 315 | / | 190 |
| Fortress | 1 | 325 | / | 190 |
| total: | 94 | 11345g | / | 7530w |
| 0:03 | Peon |
| 0:04 | Peon |
| 0:05 | Altar of Storms |
| 0:08 | Orc Burrow |
| 0:24 | Peon |
| 0:40 | War Mill |
| 0:52 | Peon |
| 1:00 | Peon |
| 1:12 | Voodoo Lounge |
| 1:20 | Peon |
| 1:30 | Peon |
| 1:48 | Orc Burrow |
| 1:52 | Peon |
| 2:04 | Watch Tower |
| 2:07 | Wind Walk |
| 2:10 | Peon |
| 2:21 | Watch Tower |
| 2:41 | Peon |
| 2:42 | Peon |
| 2:56 | Spiked Barricades |
| 2:57 | Peon |
| 2:58 | Peon |
| 3:22 | Watch Tower |
| 3:23 | Watch Tower |
| 3:48 | Stronghold |
| 4:28 | Boots of Speed |
| 4:28 | Circlet of Nobility |
| 4:28 | Staff of Teleportation |
| 4:42 | Watch Tower |
| 5:04 | Watch Tower |
| 5:26 | Healing Salve |
| 5:26 | Lesser Clarity Potion |
| 5:28 | Lesser Clarity Potion |
| 5:46 | Watch Tower |
| 6:07 | Watch Tower |
| 6:49 | Watch Tower |
| 7:16 | Fortress |
| 7:19 | Hex |
| 7:24 | Watch Tower |
| 7:35 | Critical Strike |
| 7:47 | Beastiary |
| 7:49 | Beastiary |
| 8:39 | Watch Tower |
| 8:41 | Reinforced Defenses |
| 8:43 | Watch Tower |
| 8:43 | Watch Tower |
| 8:45 | Watch Tower |
| 9:17 | Watch Tower |
| 9:31 | Orc Burrow |
| 10:01 | Watch Tower |
| 10:10 | Troll Batrider |
| 10:22 | Orb of Lightning |
| 10:23 | Lesser Clarity Potion |
| 10:26 | Healing Salve |
| 10:30 | Watch Tower |
| 11:10 | Watch Tower |
| 11:12 | Troll Batrider |
| 11:17 | Orc Burrow |
| 11:23 | Watch Tower |
| 11:31 | Watch Tower |
| 11:39 | Watch Tower |
| 11:55 | Troll Batrider |
| 12:17 | Watch Tower |
| 12:52 | Watch Tower |
| 13:09 | Troll Batrider |
| 13:25 | Watch Tower |
| 13:57 | Watch Tower |
| 14:16 | Healing Wave |
| 14:17 | Wind Walk |
| 14:21 | Troll Batrider |
| 14:21 | Troll Batrider |
| 14:22 | Liquid Fire |
| 14:31 | Watch Tower |
| 15:10 | Watch Tower |
| 15:14 | Great Hall |
| 15:15 | Watch Tower |
| 15:15 | Watch Tower |
| 15:16 | Watch Tower |
| 15:17 | Watch Tower |
| 15:20 | Watch Tower |
| 15:21 | Watch Tower |
| 15:22 | Watch Tower |
| 15:23 | Watch Tower |
| 15:38 | Lesser Clarity Potion |
| 15:38 | Orb of Lightning |
| 15:43 | Watch Tower |
| 15:51 | Troll Batrider |
| 15:53 | Steel Ranged Weapons |
| 15:54 | Improved Spiked Barricades |
| 16:03 | Boots of Speed |
| 16:03 | Staff of Teleportation |
| 16:09 | Staff of Teleportation |
| 16:21 | Watch Tower |
| 16:56 | Watch Tower |
| 17:32 | Watch Tower |
| 17:41 | Healing Wave |
| 18:22 | Watch Tower |
| 18:22 | Watch Tower |
| 18:24 | Watch Tower |
| 18:25 | Watch Tower |
| 18:55 | Watch Tower |
| 18:58 | Watch Tower |
| 19:00 | Watch Tower |
| 19:00 | Watch Tower |
| 19:23 | Staff of Sanctuary |
| 19:24 | Staff of Sanctuary |
| 19:49 | Watch Tower |
| 19:50 | Watch Tower |
| 19:58 | Watch Tower |
| 20:04 | Watch Tower |
| 20:05 | Watch Tower |
| 20:19 | Watch Tower |
| 20:22 | Watch Tower |
| 20:35 | Watch Tower |
| 20:51 | Watch Tower |
| 20:54 | Thorium Ranged Weapons |
| 20:54 | Steel Armor |
| 21:15 | Watch Tower |
| 21:20 | Watch Tower |
| 21:24 | Watch Tower |
| 21:24 | Watch Tower |
| 22:08 | Watch Tower |
| 22:10 | Watch Tower |
| 22:17 | Watch Tower |
| 22:49 | Watch Tower |
| 23:04 | Watch Tower |
| 23:06 | Watch Tower |
| 23:08 | Watch Tower |
| 23:10 | Critical Strike |
| 23:43 | Watch Tower |
| 23:48 | Watch Tower |
| 23:59 | Watch Tower |
| 24:05 | Staff of Sanctuary |
| 24:15 | Watch Tower |
| 25:28 | Watch Tower |
| 25:36 | Great Hall |
| 25:44 | Watch Tower |
| 25:51 | Wind Walk |
| 26:09 | Troll Batrider |
| 26:09 | Troll Batrider |
| 26:09 | Troll Batrider |
| 26:38 | Watch Tower |
| 27:08 | Hex |
| 27:53 | Watch Tower |
| 27:59 | Watch Tower |
| 28:04 | Watch Tower |
| 29:11 | Watch Tower |
| 29:16 | Watch Tower |
| 29:22 | Watch Tower |
| 29:24 | Watch Tower |
| 29:30 | Watch Tower |
| 29:52 | Watch Tower |
| Right click | 1862 |
| Select group | 1245 |
| Select | 272 |
| Build/train/purchase | 146 |
| Chat | 89 |
| Use ability | 73 |
| Misc. action | 34 |
| Minimap ping | 29 |
| Assign group | 14 |
| Item give/drop | 8 |
| Esc | 4 |



| Orb of Venom | 1 | 325 |
| Staff of Teleportation | 3 | 450 |
| Boots of Speed | 3 | 750 |
| Staff of Sanctuary | 3 | 750 |
| total: | 10 | 2275g |
| Wisp | 47 | 2820 | / | 0 |
| Goblin Sapper | 1 | 215 | / | 100 |
| total: | 48 | 3035g | / | 100w |
| Altar of Elders | 1 | 180 | / | 50 |
| Moon Well | 7 | 1260 | / | 280 |
| Ancient of War | 1 | 150 | / | 60 |
| Tree of Life | 5 | 1700 | / | 925 |
| Ancient of Wonders | 2 | 180 | / | 60 |
| Hunter's Hall | 1 | 210 | / | 100 |
| Tree of Ages | 1 | 320 | / | 180 |
| Tree of Eternity | 1 | 330 | / | 200 |
| total: | 17 | 3680g | / | 1475w |
| 0:01 | Wisp |
| 0:07 | Altar of Elders |
| 0:13 | Wisp |
| 0:16 | Moon Well |
| 0:22 | Wisp |
| 0:29 | Wisp |
| 0:44 | Moon Well |
| 0:46 | Wisp |
| 0:57 | Wisp |
| 1:19 | Wisp |
| 1:32 | Wisp |
| 1:49 | Wisp |
| 1:49 | Wisp |
| 2:07 | Wisp |
| 2:09 | Force of Nature |
| 2:19 | Wisp |
| 2:38 | Wisp |
| 2:52 | Ancient of War |
| 3:00 | Wisp |
| 3:14 | Wisp |
| 3:39 | Tree of Ages |
| 3:50 | Entangling Roots |
| 5:34 | Tree of Life |
| 6:01 | Wisp |
| 6:02 | Wisp |
| 6:38 | Soul Burn |
| 7:36 | Entangling Roots |
| 7:53 | Tree of Life |
| 7:57 | Moon Well |
| 7:58 | Moon Well |
| 7:59 | Moon Well |
| 8:03 | Wisp |
| 8:03 | Wisp |
| 8:03 | Wisp |
| 9:06 | Staff of Teleportation |
| 9:06 | Boots of Speed |
| 9:06 | Boots of Speed |
| 9:24 | Incinerate |
| 10:12 | Wisp |
| 10:12 | Wisp |
| 10:12 | Wisp |
| 10:21 | Wisp |
| 10:22 | Wisp |
| 10:22 | Wisp |
| 10:22 | Wisp |
| 10:22 | Wisp |
| 11:01 | Tree of Life |
| 11:12 | Tree of Eternity |
| 11:13 | Wisp |
| 11:31 | Wisp |
| 11:47 | Staff of Teleportation |
| 12:29 | Wisp |
| 12:29 | Wisp |
| 12:29 | Wisp |
| 13:01 | Wisp |
| 13:01 | Wisp |
| 13:01 | Wisp |
| 13:02 | Wisp |
| 13:04 | Ancient of Wonders |
| 13:06 | Ancient of Wonders |
| 13:28 | Wisp |
| 13:28 | Wisp |
| 13:28 | Wisp |
| 13:28 | Wisp |
| 13:29 | Wisp |
| 13:49 | Frost Arrows |
| 13:52 | Nature's Blessing |
| 13:56 | Tree of Life |
| 14:17 | Staff of Teleportation |
| 14:18 | Boots of Speed |
| 14:29 | Staff of Sanctuary |
| 14:43 | Orb of Venom |
| 14:53 | Wisp |
| 14:57 | Tree of Life |
| 14:59 | Wisp |
| 14:59 | Wisp |
| 14:59 | Wisp |
| 15:37 | Wisp |
| 15:57 | Goblin Sapper |
| 16:22 | Hunter's Hall |
| 16:30 | Staff of Sanctuary |
| 16:54 | Staff of Sanctuary |
| 20:27 | Well Spring |
| 20:47 | Thorns Aura |
| 21:52 | Moon Well |
| 21:53 | Moon Well |
| 22:12 | Forked Lightning |
| 22:14 | Soul Burn |
| 25:07 | Incinerate |
| 28:33 | Entangling Roots |
| 29:38 | Frost Arrows |
| Right click | 1779 |
| Select | 915 |
| Select group | 812 |
| Resource trade | 240 |
| Use ability | 99 |
| Build/train/purchase | 89 |
| Assign group | 88 |
| Misc. action | 45 |
| Minimap ping | 16 |
| Item give/drop | 10 |
| Remove unit | 4 |

| Healing Salve | 7 | 700 |
| Lesser Clarity Potion | 5 | 350 |
| Scroll of Speed | 2 | 100 |
| Orb of Lightning | 1 | 375 |
| Scroll of Town Portal | 2 | 700 |
| Boots of Speed | 1 | 250 |
| Staff of Teleportation | 1 | 150 |
| total: | 19 | 2625g |
| Peon | 10 | 750 | / | 0 |
| Raider | 17 | 3060 | / | 680 |
| total: | 27 | 3810g | / | 680w |
| Watch Tower | 29 | 3190 | / | 2320 |
| Altar of Storms | 1 | 180 | / | 50 |
| Orc Burrow | 4 | 640 | / | 160 |
| War Mill | 1 | 205 | / | 0 |
| Voodoo Lounge | 1 | 130 | / | 30 |
| Beastiary | 1 | 145 | / | 140 |
| Stronghold | 1 | 315 | / | 190 |
| Fortress | 1 | 325 | / | 190 |
| total: | 37 | 4490g | / | 2700w |
| 0:03 | Peon |
| 0:06 | Altar of Storms |
| 0:10 | Peon |
| 0:19 | Orc Burrow |
| 0:26 | Peon |
| 0:45 | Peon |
| 0:49 | War Mill |
| 0:53 | Peon |
| 1:15 | Voodoo Lounge |
| 1:19 | Peon |
| 1:26 | Peon |
| 1:37 | Peon |
| 2:04 | Watch Tower |
| 2:05 | Peon |
| 2:10 | Peon |
| 2:11 | Wind Walk |
| 2:18 | Healing Salve |
| 2:18 | Healing Salve |
| 2:19 | Lesser Clarity Potion |
| 2:19 | Lesser Clarity Potion |
| 2:23 | Watch Tower |
| 3:01 | Stronghold |
| 3:20 | Watch Tower |
| 3:35 | Watch Tower |
| 3:50 | Orc Burrow |
| 4:32 | Watch Tower |
| 4:55 | Watch Tower |
| 5:23 | Beastiary |
| 5:24 | Fortress |
| 5:38 | Watch Tower |
| 5:47 | Critical Strike |
| 5:58 | Steel Melee Weapons |
| 6:03 | Boots of Speed |
| 6:03 | Staff of Teleportation |
| 6:15 | Watch Tower |
| 6:24 | Ensnare |
| 7:16 | Raider |
| 7:24 | Orc Burrow |
| 7:59 | Raider |
| 8:01 | Raider |
| 8:02 | Thorium Melee Weapons |
| 8:48 | Watch Tower |
| 8:49 | Raider |
| 9:24 | Raider |
| 9:33 | Wind Walk |
| 9:58 | Watch Tower |
| 9:59 | Raider |
| 10:01 | Arcanite Melee Weapons |
| 10:07 | Orc Burrow |
| 10:42 | Steel Armor |
| 10:59 | Raider |
| 11:10 | Raider |
| 11:11 | Watch Tower |
| 11:17 | Lesser Clarity Potion |
| 11:19 | Healing Salve |
| 11:22 | Scroll of Speed |
| 11:30 | Raider |
| 11:55 | Raider |
| 12:15 | Watch Tower |
| 12:15 | Watch Tower |
| 12:19 | Watch Tower |
| 12:20 | Watch Tower |
| 13:37 | Thorium Armor |
| 13:48 | Reinforced Defenses |
| 13:53 | Lesser Clarity Potion |
| 14:17 | Scroll of Speed |
| 14:18 | Scroll of Town Portal |
| 14:29 | Watch Tower |
| 15:23 | Raider |
| 15:33 | Watch Tower |
| 15:35 | Pillage |
| 15:37 | Healing Salve |
| 15:40 | Arcanite Armor |
| 16:37 | Watch Tower |
| 16:37 | Watch Tower |
| 16:55 | Critical Strike |
| 20:25 | Watch Tower |
| 20:25 | Watch Tower |
| 20:31 | Scroll of Town Portal |
| 21:59 | Raider |
| 21:59 | Raider |
| 22:49 | Watch Tower |
| 22:49 | Watch Tower |
| 23:17 | Raider |
| 23:17 | Raider |
| 23:17 | Raider |
| 23:23 | Lesser Clarity Potion |
| 23:24 | Orb of Lightning |
| 23:29 | Healing Salve |
| 24:42 | Critical Strike |
| 25:16 | Raider |
| 25:21 | Watch Tower |
| 27:10 | Healing Salve |
| 27:16 | Healing Salve |
| 27:41 | Watch Tower |
| 27:44 | Watch Tower |
| 27:44 | Watch Tower |
| 29:49 | Watch Tower |
| 29:50 | Watch Tower |
| Right click | 1835 |
| Assign group | 662 |
| Select group | 544 |
| Chat | 490 |
| Select | 240 |
| Build/train/purchase | 101 |
| Use ability | 88 |
| Misc. action | 7 |
| Item give/drop | 4 |
| Minimap ping | 2 |
182 units @ 26.3k
/ 3.7k
101 buildings @ 12.4k
/ 5.3k


| Potion of Healing | 1 | 150 |
| Lesser Clarity Potion | 1 | 70 |
| Healing Salve | 1 | 100 |
| Scroll of Speed | 1 | 50 |
| total: | 4 | 370g |
| Peon | 10 | 750 | / | 0 |
| Grunt | 8 | 1600 | / | 0 |
| Wind Rider | 9 | 2385 | / | 360 |
| Shaman | 5 | 650 | / | 100 |
| Troll Witch Doctor | 5 | 725 | / | 125 |
| Demolisher | 4 | 880 | / | 200 |
| Goblin Shredder | 1 | 375 | / | 100 |
| total: | 42 | 7365g | / | 885w |
| Watch Tower | 5 | 550 | / | 400 |
| Altar of Storms | 1 | 180 | / | 50 |
| Orc Burrow | 8 | 1280 | / | 320 |
| War Mill | 1 | 205 | / | 0 |
| Barracks | 1 | 180 | / | 50 |
| Voodoo Lounge | 2 | 260 | / | 60 |
| Great Hall | 1 | 385 | / | 185 |
| Beastiary | 1 | 145 | / | 140 |
| Spirit Lodge | 1 | 150 | / | 150 |
| Stronghold | 1 | 315 | / | 190 |
| Fortress | 1 | 325 | / | 190 |
| total: | 21 | 3335g | / | 1355w |
| 0:04 | Peon |
| 0:04 | Peon |
| 0:06 | Peon |
| 0:16 | Altar of Storms |
| 0:21 | Orc Burrow |
| 0:26 | Peon |
| 1:15 | War Mill |
| 1:18 | Peon |
| 1:31 | Barracks |
| 1:33 | Peon |
| 1:35 | Peon |
| 1:44 | Peon |
| 2:07 | Orc Burrow |
| 2:11 | Peon |
| 2:14 | Peon |
| 2:21 | Wind Walk |
| 2:54 | Stronghold |
| 3:02 | Voodoo Lounge |
| 4:15 | Voodoo Lounge |
| 4:19 | Watch Tower |
| 4:24 | Watch Tower |
| 4:30 | Watch Tower |
| 4:42 | Grunt |
| 4:42 | Grunt |
| 4:59 | Steel Ranged Weapons |
| 5:02 | Steel Armor |
| 5:31 | Beastiary |
| 5:41 | Spirit Lodge |
| 5:43 | Potion of Healing |
| 5:44 | Lesser Clarity Potion |
| 5:49 | Healing Salve |
| 5:50 | Scroll of Speed |
| 6:05 | Orc Burrow |
| 7:07 | Shaman Adept Training |
| 7:10 | Wind Rider |
| 7:38 | Orc Burrow |
| 7:42 | Berserker Strength |
| 8:32 | Critical Strike |
| 8:39 | Goblin Shredder |
| 8:59 | Healing Wave |
| 9:12 | Wind Rider |
| 10:07 | Wind Rider |
| 10:26 | Watch Tower |
| 11:10 | Great Hall |
| 11:40 | Hex |
| 11:56 | Orc Burrow |
| 12:01 | Orc Burrow |
| 12:27 | Fortress |
| 12:31 | Shaman |
| 12:31 | Shaman |
| 13:36 | Shaman |
| 13:38 | Grunt |
| 14:13 | Shaman |
| 14:14 | Troll Witch Doctor |
| 14:14 | Troll Witch Doctor |
| 14:14 | Troll Witch Doctor |
| 14:53 | Grunt |
| 15:28 | Shaman Master Training |
| 15:29 | Witch Doctor Adept Training |
| 15:39 | Orc Burrow |
| 15:43 | Orc Burrow |
| 15:57 | Demolisher |
| 15:57 | Demolisher |
| 15:57 | Demolisher |
| 15:58 | Demolisher |
| 16:06 | Watch Tower |
| 19:27 | Wind Rider |
| 19:27 | Wind Rider |
| 19:28 | Wind Rider |
| 19:28 | Wind Rider |
| 19:28 | Wind Rider |
| 19:28 | Wind Rider |
| 19:34 | Grunt |
| 19:34 | Grunt |
| 19:34 | Grunt |
| 19:34 | Grunt |
| 19:37 | Shaman |
| 20:21 | Witch Doctor Master Training |
| 20:22 | Troll Witch Doctor |
| 20:22 | Troll Witch Doctor |
| 20:44 | Wind Walk |
| Right click | 446 |
| Select group | 246 |
| Select | 217 |
| Build/train/purchase | 87 |
| Assign group | 43 |
| Use ability | 21 |
| Misc. action | 9 |
| Minimap ping | 6 |
| Remove unit | 2 |



| Scroll of Town Portal | 3 | 1050 |
| Boots of Speed | 1 | 250 |
| Periapt of Vitality | 1 | 325 |
| total: | 5 | 1625g |
| Wisp | 26 | 1560 | / | 0 |
| Archer | 27 | 3510 | / | 270 |
| Hippogryph | 17 | 2720 | / | 340 |
| Mortar Team | 14 | 2520 | / | 980 |
| total: | 84 | 10310g | / | 1590w |
| Ancient Protector | 7 | 945 | / | 560 |
| Altar of Elders | 1 | 180 | / | 50 |
| Moon Well | 6 | 1080 | / | 240 |
| Ancient of War | 1 | 150 | / | 60 |
| Tree of Life | 2 | 680 | / | 370 |
| Hunter's Hall | 1 | 210 | / | 100 |
| Ancient of Wonders | 1 | 90 | / | 30 |
| Ancient of Wind | 1 | 150 | / | 140 |
| Tree of Ages | 4 | 1280 | / | 720 |
| Tree of Eternity | 1 | 330 | / | 200 |
| Scout Tower | 4 | 120 | / | 80 |
| Guard Tower | 1 | 70 | / | 50 |
| Farm | 4 | 320 | / | 80 |
| Workshop | 2 | 280 | / | 280 |
| total: | 30 | 4205g | / | 1990w |
| 0:04 | Wisp |
| 0:04 | Wisp |
| 0:09 | Altar of Elders |
| 0:13 | Moon Well |
| 0:14 | Wisp |
| 0:21 | Wisp |
| 0:37 | Wisp |
| 0:48 | Ancient of War |
| 0:50 | Wisp |
| 1:06 | Wisp |
| 1:31 | Moon Well |
| 1:36 | Wisp |
| 1:39 | Wisp |
| 1:39 | Wisp |
| 1:51 | Archer |
| 1:58 | Wisp |
| 2:17 | Entangling Roots |
| 2:24 | Archer |
| 2:24 | Archer |
| 2:55 | Tree of Ages |
| 3:14 | Archer |
| 3:15 | Archer |
| 3:52 | Thorns Aura |
| 4:14 | Moon Well |
| 5:09 | Archer |
| 5:19 | Tree of Eternity |
| 5:24 | Improved Bows |
| 5:42 | Ancient of Wind |
| 6:17 | Archer |
| 6:19 | Moon Well |
| 6:55 | Trueshot Aura |
| 6:58 | Tree of Life |
| 7:06 | Hippogryph |
| 7:06 | Hippogryph |
| 7:22 | Hunter's Hall |
| 7:28 | Entangling Roots |
| 7:30 | Hippogryph |
| 7:47 | Nature's Blessing |
| 8:05 | Hippogryph |
| 9:13 | Marksmanship |
| 9:15 | Hippogryph |
| 9:15 | Hippogryph |
| 9:15 | Hippogryph |
| 9:53 | Archer |
| 9:53 | Archer |
| 9:57 | Wisp |
| 9:57 | Wisp |
| 9:57 | Wisp |
| 9:57 | Wisp |
| 10:38 | Ancient of Wonders |
| 10:40 | Wisp |
| 10:40 | Wisp |
| 10:48 | Archer |
| 11:24 | Frost Arrows |
| 11:30 | Hippogryph |
| 11:30 | Hippogryph |
| 11:32 | Moon Well |
| 11:49 | Archer |
| 11:49 | Archer |
| 11:58 | Strength of the Moon |
| 11:59 | Improved Strength of the Moon |
| 12:24 | Moon Well |
| 12:45 | Searing Arrows |
| 13:01 | Archer |
| 13:01 | Archer |
| 13:38 | Wisp |
| 13:38 | Wisp |
| 13:38 | Wisp |
| 13:41 | Hippogryph |
| 14:06 | Boots of Speed |
| 14:19 | Workshop |
| 14:30 | Hippogryph |
| 14:32 | Advanced Strength of the Moon |
| 14:32 | Moon Armor |
| 14:33 | Improved Moon Armor |
| 14:35 | Ancient Protector |
| 14:36 | Wisp |
| 14:36 | Wisp |
| 14:57 | Wisp |
| 15:04 | Archer |
| 15:37 | Mortar Team |
| 15:37 | Mortar Team |
| 15:37 | Mortar Team |
| 15:38 | Workshop |
| 15:42 | Improved Masonry |
| 16:22 | Hippogryph |
| 16:22 | Hippogryph |
| 16:23 | Archer |
| 16:30 | Scroll of Town Portal |
| 16:39 | Mortar Team |
| 16:43 | Black Gunpowder |
| 16:44 | Studded Leather Armor |
| 17:08 | Scroll of Town Portal |
| 17:27 | Flare |
| 17:27 | Fragmentation Shards |
| 17:29 | Mortar Team |
| 17:29 | Mortar Team |
| 19:03 | Mortar Team |
| 19:04 | Mortar Team |
| 19:04 | Mortar Team |
| 19:04 | Mortar Team |
| 19:16 | Ancient Protector |
| 19:39 | Periapt of Vitality |
| 19:40 | Scroll of Town Portal |
| 19:56 | Scout Tower |
| 19:57 | Scout Tower |
| 19:59 | Scout Tower |
| 19:59 | Scout Tower |
| 20:28 | Farm |
| 20:29 | Farm |
| 20:31 | Farm |
| 20:31 | Farm |
| 21:15 | Tree of Life |
| 22:23 | Guard Tower |
| 22:52 | Wisp |
| 23:00 | Ancient Protector |
| 23:49 | Hippogryph |
| 23:50 | Hippogryph |
| 23:56 | Mortar Team |
| 23:56 | Mortar Team |
| 23:56 | Mortar Team |
| 23:56 | Mortar Team |
| 24:55 | Trueshot Aura |
| 25:17 | Hippogryph |
| 25:17 | Hippogryph |
| 25:19 | Archer |
| 25:19 | Archer |
| 25:20 | Archer |
| 25:20 | Archer |
| 25:23 | Wisp |
| 25:23 | Wisp |
| 25:30 | Tree of Ages |
| 26:17 | Archer |
| 26:18 | Archer |
| 26:48 | Ancient Protector |
| 27:25 | Ancient Protector |
| 27:35 | Thorns Aura |
| 27:46 | Archer |
| 27:46 | Archer |
| 28:46 | Mana Shield |
| 29:12 | Ancient Protector |
| 29:42 | Ancient Protector |
| 29:47 | Archer |
| 29:47 | Archer |
| 29:47 | Archer |
| Assign group | 1199 |
| Right click | 1039 |
| Select | 580 |
| Misc. action | 510 |
| Select group | 365 |
| Build/train/purchase | 144 |
| Chat | 84 |
| Use ability | 83 |
| Minimap ping | 8 |
| Item give/drop | 2 |
| Esc | 1 |

| Scroll of Regeneration | 1 | 100 |
| total: | 1 | 100g |
| Peasant | 6 | 450 | / | 0 |
| Footman | 3 | 405 | / | 0 |
| Rifleman | 8 | 1640 | / | 240 |
| total: | 17 | 2495g | / | 240w |
| Scout Tower | 5 | 150 | / | 100 |
| Guard Tower | 1 | 70 | / | 50 |
| Altar of Kings | 1 | 180 | / | 50 |
| Farm | 7 | 560 | / | 140 |
| Barracks | 1 | 160 | / | 60 |
| Blacksmith | 1 | 140 | / | 60 |
| Lumber Mill | 2 | 240 | / | 0 |
| Arcane Vault | 1 | 130 | / | 30 |
| Arcane Sanctum | 1 | 150 | / | 140 |
| Keep | 1 | 320 | / | 210 |
| total: | 19 | 1710g | / | 580w |
| 0:06 | Altar of Kings |
| 0:08 | Peasant |
| 0:08 | Peasant |
| 0:15 | Farm |
| 0:15 | Farm |
| 0:27 | Peasant |
| 0:48 | Barracks |
| 1:14 | Farm |
| 1:18 | Peasant |
| 1:18 | Peasant |
| 2:00 | Blacksmith |
| 2:04 | Farm |
| 2:10 | Footman |
| 2:10 | Footman |
| 2:26 | Scout Tower |
| 2:27 | Scout Tower |
| 2:43 | Storm Bolt |
| 2:47 | Footman |
| 3:13 | Peasant |
| 3:26 | Lumber Mill |
| 4:26 | Scout Tower |
| 4:31 | Keep |
| 4:36 | Farm |
| 4:37 | Farm |
| 4:40 | Rifleman |
| 4:40 | Rifleman |
| 4:41 | Black Gunpowder |
| 4:56 | Arcane Vault |
| 5:13 | Lumber Mill |
| 5:25 | Bash |
| 6:34 | Guard Tower |
| 6:40 | Rifleman |
| 6:41 | Rifleman |
| 6:57 | Studded Leather Armor |
| 7:03 | Farm |
| 7:11 | Scout Tower |
| 7:12 | Scout Tower |
| 7:18 | Scroll of Regeneration |
| 7:28 | Arcane Sanctum |
| 7:33 | Long Rifles |
| 7:35 | Rifleman |
| 7:35 | Rifleman |
| 7:48 | Improved Lumber Harvesting |
| 7:56 | Rifleman |
| 7:56 | Rifleman |
| Right click | 206 |
| Select | 85 |
| Chat | 41 |
| Build/train/purchase | 28 |
| Assign group | 26 |
| Select group | 11 |
| Use ability | 6 |


| Scroll of Regeneration | 2 | 200 |
| Potion of Healing | 1 | 150 |
| Scroll of Town Portal | 2 | 700 |
| total: | 5 | 1050g |
| Peasant | 13 | 975 | / | 0 |
| Footman | 5 | 675 | / | 0 |
| Rifleman | 9 | 1845 | / | 270 |
| Siege Engine | 8 | 1560 | / | 480 |
| Knight | 3 | 735 | / | 180 |
| Goblin Shredder | 1 | 375 | / | 100 |
| total: | 39 | 6165g | / | 1030w |
| Scout Tower | 7 | 210 | / | 140 |
| Arcane Tower | 1 | 70 | / | 50 |
| Guard Tower | 6 | 420 | / | 300 |
| Barracks | 3 | 480 | / | 180 |
| Altar of Kings | 1 | 180 | / | 50 |
| Farm | 13 | 1040 | / | 260 |
| Blacksmith | 1 | 140 | / | 60 |
| Lumber Mill | 1 | 120 | / | 0 |
| Arcane Vault | 1 | 130 | / | 30 |
| Town Hall | 1 | 385 | / | 205 |
| Workshop | 3 | 420 | / | 420 |
| Keep | 1 | 320 | / | 210 |
| Castle | 3 | 1080 | / | 630 |
| total: | 31 | 3105g | / | 1345w |
| 0:03 | Peasant |
| 0:03 | Peasant |
| 0:03 | Peasant |
| 0:21 | Barracks |
| 0:24 | Peasant |
| 0:30 | Altar of Kings |
| 0:37 | Farm |
| 0:41 | Peasant |
| 0:57 | Farm |
| 1:04 | Peasant |
| 1:24 | Footman |
| 1:39 | Footman |
| 1:45 | Blacksmith |
| 1:52 | Farm |
| 2:03 | Footman |
| 2:03 | Footman |
| 2:21 | Footman |
| 2:27 | Farm |
| 2:44 | Holy Light |
| 2:44 | Holy Light |
| 3:03 | Scout Tower |
| 3:17 | Arcane Tower |
| 3:18 | Peasant |
| 3:25 | Rifleman |
| 4:01 | Rifleman |
| 4:06 | Peasant |
| 4:14 | Farm |
| 4:17 | Rifleman |
| 4:28 | Lumber Mill |
| 4:31 | Rifleman |
| 4:57 | Devotion Aura |
| 5:17 | Arcane Vault |
| 5:19 | Rifleman |
| 5:51 | Farm |
| 6:10 | Goblin Shredder |
| 6:20 | Scout Tower |
| 6:33 | Scroll of Regeneration |
| 6:44 | Peasant |
| 6:50 | Scroll of Regeneration |
| 6:52 | Guard Tower |
| 7:04 | Scout Tower |
| 7:07 | Scout Tower |
| 7:09 | Improved Masonry |
| 7:32 | Holy Light |
| 7:39 | Town Hall |
| 7:41 | Scout Tower |
| 7:42 | Scout Tower |
| 7:44 | Scout Tower |
| 7:55 | Guard Tower |
| 7:58 | Keep |
| 8:04 | Farm |
| 8:33 | Guard Tower |
| 9:00 | Guard Tower |
| 9:03 | Barracks |
| 9:12 | Guard Tower |
| 10:02 | Peasant |
| 10:02 | Peasant |
| 10:14 | Rifleman |
| 10:46 | Peasant |
| 10:46 | Peasant |
| 10:58 | Devotion Aura |
| 11:17 | Castle |
| 11:31 | Workshop |
| 11:34 | Rifleman |
| 11:34 | Long Rifles |
| 11:36 | Rifleman |
| 11:55 | Castle |
| 12:03 | Barracks |
| 12:07 | Iron Forged Swords |
| 12:07 | Iron Plating |
| 12:30 | Workshop |
| 12:35 | Storm Bolt |
| 13:13 | Guard Tower |
| 13:39 | Farm |
| 13:44 | Barrage |
| 13:46 | Siege Engine |
| 14:29 | Workshop |
| 14:45 | Siege Engine |
| 14:48 | Black Gunpowder |
| 14:49 | Steel Plating |
| 15:31 | Siege Engine |
| 15:36 | Farm |
| 15:37 | Farm |
| 15:38 | Farm |
| 15:39 | Farm |
| 15:43 | Sundering Blades |
| 15:43 | Animal War Training |
| 15:44 | Knight |
| 15:44 | Knight |
| 15:45 | Knight |
| 15:49 | Scroll of Town Portal |
| 15:51 | Scroll of Town Portal |
| 15:52 | Potion of Healing |
| 16:01 | Siege Engine |
| 16:03 | Siege Engine |
| 16:11 | Farm |
| 16:24 | Refined Gunpowder |
| 17:20 | Mithril Plating |
| 18:24 | Siege Engine |
| 18:49 | Imbued Gunpowder |
| 19:37 | Siege Engine |
| 19:54 | Rifleman |
| 20:03 | Siege Engine |
| Right click | 479 |
| Select group | 340 |
| Select | 239 |
| Build/train/purchase | 85 |
| Misc. action | 44 |
| Use ability | 26 |
| Assign group | 14 |
| Item give/drop | 5 |
| Esc | 2 |
| Remove unit | 1 |
⇛